 Dungeon Crawl Stone Soup version 0.30-a0-715-gdb4ae3ece1 (webtiles) character file.

Game seed: 16200404118601623178

176 OTABOTABOTAB the Shooter (level 5, -3/32 HPs)
             Began as a Kobold Hunter on Jan 23, 2023.
             Was an Initiate of Okawaru.
             Slain by an orc
             ... wielding a +0 hand axe
              (5 damage)
             ... on level 3 of the Dungeon.
             The game lasted 00:03:39 (2238 turns).

OTABOTABOTAB the Shooter (Kobold Hunter)            Turns: 2238, Time: 00:03:40

Health: -3/32      AC:  3    Str:  9    XL:     5   Next: 86%
Magic:  0/6        EV: 12    Int: 10    God:    Okawaru [......]
Gold:   153        SH:  0    Dex: 20    Spells: 4/4 levels left

rFire   . . .      SeeInvis .    a - +1 shortbow
rCold   . . .      Faith    .    (shield currently unavailable)
rNeg    . . .      Spirit   +    c - +0 leather armour
rPois   .          Reflect  .    (no helmet)
rElec   .          Harm     .    (no cloak)
rCorr   .          Rampage  .    (no gloves)
Will    .....                    (no boots)
Stlth   +++                      b - amulet of guardian spirit
HPRegen 0.25/turn                (no ring)
MPRegen 0.10/turn                (no ring)

@: constricted
A: small, no large weapons, nightstalker 3
a: Renounce Religion


You were on level 3 of the Dungeon.
You worshipped Okawaru.
Okawaru was noncommittal.
You visited 1 branch of the dungeon, and saw 3 of its levels.

You collected 153 gold pieces.

Inventory:

Hand Weapons
 a - a +1 shortbow (weapon)
Missiles
 e - 3 atropa-tipped darts
 f - 2 boomerangs
 s - 26 stones
Armour
 c - a +0 leather armour (worn)
Jewellery
 b - an amulet of guardian spirit (around neck)
   (You found it on level 2 of the Dungeon)
Scrolls
 K - a scroll of immolation {!r}
Potions
 d - a potion of attraction {!q}
 g - a potion of resistance {unknown}
 P - 2 potions of lignification {!q}
 T - a potion of berserk rage {!q}


   Skills:
 + Level 3.3 Fighting
 * Level 6.8 Ranged Weapons
 + Level 3.6 Dodging
 - Level 2.8 Stealth
 + Level 1.3 Invocations


You had 4 spell levels left.
You didn't know any spells.
Your spell library contained the following spells:

 Spells                   Type           Power      Damage    Failure   Level
 Sublimation of Blood     Necr           0%         N/A       63%         2
 Wereblood                Tmut           0%         N/A       63%         2
 Portal Projectile        Hex/Tloc       0%         N/A       85%         3
 Blade Hands              Tmut           0%         N/A       100%        5
 Tukima's Dance           Hex            Unusable   N/A       N/A         3
 Malign Gateway           Summ/Tloc      Unusable   N/A       N/A         7
 Summon Hydra             Summ           Unusable   N/A       N/A         7
 Summon Horrible Things   Summ           Unusable   N/A       N/A         8

Dungeon Overview and Level Annotations

Branches:
Dungeon (3/15)

Altars:
Okawaru

Shops:
D:1 !


Innate Abilities, Weirdness & Mutations

You are small and have problems with some larger weapons.
You are completely attuned to the shadows.


Message History

The orc hits you with a +0 dagger.
You take 2 damage, and have 30/32 hp.
You now have 4/5 mp.
You shoot an arrow. The arrow hits the orc!
You kill the orc!
Okawaru accepts your kill.
The orc priest hits you with a +0 flail.
A ball python comes into view.
You take 3 damage, and have 27/32 hp.
You shoot an arrow. The arrow barely misses the orc priest.
The orc priest misses you.
You shoot an arrow.
The arrow closely misses the orc priest.
The orc misses you. The orc priest closely misses you.
You shoot an arrow.
The arrow hits the orc priest but does no damage.
The orc misses you.
The orc priest hits you with a +0 flail.
You take 4 damage, and have 23/32 hp.
You shoot an arrow.
The arrow closely misses the orc priest.
The orc closely misses you. The orc priest barely misses you.
The orc hits you with a +0 hand axe.
The orc priest calls down the wrath of Beogh upon you.
Pain shoots through your body!
Unknown command.
You take 11 damage, and have 12/32 hp.
MASSIVE DAMAGE!!
You now have 2/5 mp.
Fire: a) +1 shortbow
Aim: an orc priest, wielding a +0 flail and wearing a +0 scale mail (70% to hit)
You shoot an arrow. The arrow hits the orc priest!
The orc priest hits you with a +0 flail.
* * * LOW HITPOINT WARNING * * *
The orc closely misses you.
You take 4 damage, and have 8/32 hp.
Fire: a) +1 shortbow
Aim: an orc priest, wielding a +0 flail and wearing a +0 scale mail (severely wounded, 70% to hit)
You shoot an arrow. The arrow barely misses the orc priest.
The orc closely misses you. The orc priest closely misses you.
Fire: a) +1 shortbow
Aim: an orc priest, wielding a +0 flail and wearing a +0 scale mail (severely wounded, 70% to hit)
You shoot an arrow.
The arrow hits the orc priest but does no damage.
The orc priest begins to cast a cantrip, but forgets the words!
The orc hits you with a +0 hand axe.
* * * LOW HITPOINT WARNING * * *
You take 4 damage, and have 5/32 hp.
You now have 1/5 mp.
Fire: a) +1 shortbow
Aim: an orc priest, wielding a +0 flail and wearing a +0 scale mail (severely wounded, 70% to hit)
You shoot an arrow. The arrow hits the orc priest.
The orc hits you with a +0 hand axe.
* * * LOW HITPOINT WARNING * * *
The orc priest misses you. x2; The orc closely misses you.
You take 3 damage, and have 2/32 hp.
Fire: a) +1 shortbow
Aim: an orc priest, wielding a +0 flail and wearing a +0 scale mail (severely wounded, 70% to hit)
You shoot an arrow.
The arrow closely misses the orc priest.
The orc priest hits you but does no damage.
The orc barely misses you.
Fire: a) +1 shortbow
Aim: an orc priest, wielding a +0 flail and wearing a +0 scale mail (severely wounded, 70% to hit)
You shoot an arrow.
The arrow hits the orc priest but does no damage.
The orc hits you but does no damage.
The orc priest hits you with a +0 flail.
* * * LOW HITPOINT WARNING * * *
You take 1 damage, and have 2/32 hp.
Fire: a) +1 shortbow
Aim: an orc priest, wielding a +0 flail and wearing a +0 scale mail (severely wounded, 70% to hit)
You shoot an arrow. The arrow hits the orc priest.
You kill the orc priest!
Okawaru accepts your kill. The orc barely misses you.
The ball python closely misses you. The ball python grabs you.
The ball python constricts you.
* * * LOW HITPOINT WARNING * * *
You take 1 damage, and have 1/32 hp.
You feel better. The orc hits you with a +0 hand axe.
* * * LOW HITPOINT WARNING * * *
The ball python barely misses you. The ball python constricts you.
You regained 4 hp, and now have 5/32 hp.
Fire: a) +1 shortbow
Aim: an orc, wielding a +0 hand axe and wearing a +0 ring mail (70% to hit)
You shoot an arrow. The arrow closely misses the orc.
The orc hits you with a +0 hand axe.
* * * LOW HITPOINT WARNING * * *
The ball python bites you but does no damage.
The ball python constricts you.
You take 2 damage, and have 3/32 hp.
You now have 0/6 mp.
Fire: a) +1 shortbow
Aim: a ball python (constricting you, 64% to hit)
You shoot an arrow.
The arrow closely misses the ball python.
The orc hits you but does no damage.
The ball python bites you but does no damage.
The ball python constricts you.
* * * LOW HITPOINT WARNING * * *
The orc hits you with a +0 hand axe.
You die...

..... ##...
...# ####oS##.
....@.... #...
####..##. ...#
#<.# . ...#
###########.#
#. ...#
#.......#
#.##### #.####
...####.#####.#
#.....# ######
#.......#...#.#
#####.# ##.[..
#########..##.#
#.# ####.PPP
.....# #..##.#
#.####..'.P..


You could see an orc and a ball python.

Vanquished Creatures
  An orc priest (D:3)
  2 orc wizards (D:3)
  3 adders
  A worm (D:2)
  2 dart slugs
  7 orcs (D:3)
  8 ball pythons
  3 endoplasms
  2 giant cockroaches
  7 goblins
  2 hobgoblins
  3 kobolds (D:1)
  4 quokkas
  4 bats
  4 frilled lizards
  6 rats
59 creatures vanquished.

Notes
Turn   | Place    | Note
-------+----------+-------------------------------------------
     0 | D:1      | OTABOTABOTAB the Kobold Hunter began the quest for the Orb.
     0 | D:1      | Reached XP level 1. HP: 12/12 MP: 1/1
    49 | D:1      | Reached XP level 2. HP: 18/18 MP: 2/2
   381 | D:1      | Reached skill level 2 in Stealth
   435 | D:1      | Found a faded altar of an unknown god.
   647 | D:1      | Reached XP level 3. HP: 22/22 MP: 3/3
   742 | D:1      | Found Pyaby's Distillery.
  1099 | D:2      | Reached skill level 6 in Ranged Weapons
  1099 | D:2      | Reached skill level 3 in Dodging
  1177 | D:2      | HP: 7/33 [poisoned by an adder]
  1178 | D:2      | Reached XP level 4. HP: 9/27 MP: 4/4
  1182 | D:2      | HP: 5/40 [poisoned by an adder]
  1422 | D:2      | Found an iron altar of Okawaru.
  1432 | D:2      | Became a worshipper of Warmaster Okawaru
  1979 | D:3      | Reached skill level 3 in Fighting
  1979 | D:3      | Reached XP level 5. HP: 15/32 MP: 2/5
  2124 | D:3      | Reached skill level 1 in Invocations
  2185 | D:3      | Found an iron altar of Okawaru.
  2229 | D:3      | HP: 8/32 [orc priest/+0 flail (4)]
  2232 | D:3      | HP: 2/32 [orc/+0 hand axe (3)]
  2237 | D:3      | HP: 3/32 [orc/+0 hand axe (3)]
  2238 | D:3      | Slain by an orc

Illustrated notes

Levels and vault maps discovered:
D:1:      amcnicky_arrival_single_pillar, layout_basic, serial_shops, shop,
          shapermc_ecumenical_altar_pompeii
D:2:      layout_rooms, basic_altar
D:3:      layout_basic, mainiacjoe_overflow_alcove_4

Skill      XL: |  1  2  3  4  5 |
---------------+----------------+-----
Stealth        | 2 |  2.8
Ranged Weapons | 6 |  6.8
Dodging        | 3 |  3.6
Fighting       | 3 |  3.3
Invocations    | 1 |  1.3

Action                     |  1- 3 |  4- 6 || total
---------------------------+-------+-------++-------
  Melee: Shortbow          |     8 |     4 ||    12
   Fire: Shortbow          |    69 |    69 ||   138
    Use: Scroll            |     3 |     5 ||     8
         Potion            |     1 |     1 ||     2
 Armour: Leather armour    |     8 |     7 ||    15
  Dodge: Dodged            |    35 |    35 ||    70

Table legend: (Time is in decaauts)
 A = Elapsed time spent in this place.
 B = Non-inter-level travel time spent in this place.
 C = Inter-level travel time spent in this place.
 D = Time resting spent in this place.
 E = Time spent auto-exploring this place.
 F = Levels seen in this place.
 G = Mean time per level.
                   A        B        C        D        E       F      G
               +--------+--------+--------+--------+--------+-----+--------+
         Total |   2285 |   2257 |     28 |    186 |   1770 |   3 |  761.7 |
       Dungeon |   2285 |   2257 |     28 |    186 |   1770 |   3 |  761.7 |
               +--------+--------+--------+--------+--------+-----+--------+

Top non-repeatable levels by time:
     D:1: 1192 daAuts
     D:2: 689 daAuts
     D:3: 403 daAuts

Table legend:
 A = Kills in this place as a percentage of kills in entire the game.
 B = Kills by you in this place as a percentage of kills by you in the entire game.
 C = Kills by friends in this place as a percentage of kills by friends in the entire game.
 D = Other kills in this place as a percentage of other kills in the entire game.
 E = Experience gained in this place as a percentage of experience gained in the entire game.
 F = Experience gained in this place divided by the number of levels of this place that you have seen.
                   A       B       C       D       E      F
               +-------+-------+-------+-------+-------+----------------------
         Total | 100.0 | 100.0 |   N/A |   N/A | 100.0 |  84.0
       Dungeon | 100.0 | 100.0 |   N/A |   N/A | 100.0 |  84.0
               +-------+-------+-------+-------+-------+----------------------
